 Dungeon Crawl Stone Soup version 0.31-a0-1370-gf52a5a9ab3 (webtiles) character file.

Game seed: 1391251566084162723

2416 grandjackal the Trooper (level 9, -4/108 HPs)
             Began as a Demonspawn Gladiator on Dec 24, 2023.
             Slain by a gargoyle
             ... wielding a +0 mace
              (7 damage)
             ... on level 7 of the Dungeon.
             The game lasted 00:07:38 (6204 turns).

grandjackal the Trooper (Demonspawn Gladiator)      Turns: 6204, Time: 00:07:38

Health: -4/108     AC: 13    Str: 14    XL:     9   Next: 23%
Magic:  9/9        EV: 14    Int:  9    God:
Gold:   420        SH: 10    Dex: 19    Spells: 8/8 levels left

rFire   . . .        x - +2 rapier (elec)
rCold   . . .        (no shield)
rNeg    . . .        C - +0 ring mail
rPois   .            c - +0 helmet
rElec   .            (no cloak)
rCorr   .            P - +1 pair of gloves
SInv    .            q - +0 pair of boots
Will    .....        b - amulet of the acrobat Stlth
                     G - +4 ring of protection
HPRegen 0.38/turn    (no ring)
MPRegen 0.11/turn

%: acrobat
@: berserking, very quick
A: large bone plates 2, foul stench 2, condensation shield, weakness stinger 1
a: no special abilities


You were on level 7 of the Dungeon.
You visited 2 branches of the dungeon, and saw 8 of its levels.
You also visited: Ossuary.

You collected 420 gold pieces.

Inventory:

Hand Weapons
 a - a +0 long sword
 k - a +1 dagger of draining
 u - a +1 dagger of electrocution
 x - a +2 rapier of electrocution (weapon)
Missiles
 d - 4 throwing nets (quivered)
 e - a javelin
Armour
 c - a +0 helmet (worn)
 q - a +0 pair of boots (worn)
 C - a +0 ring mail (worn)
 P - a +1 pair of gloves (worn)
Jewellery
 b - an amulet of the acrobat (around neck)
 G - a +4 ring of protection (left hand)
Wands
 w - a wand of polymorph (2)
 y - a wand of light (17)
Scrolls
 f - a scroll of acquirement {unknown}
 i - 2 scrolls of vulnerability {unknown}
 j - 3 scrolls of teleportation {unknown}
 l - a scroll of immolation {unknown}
 m - 6 scrolls of identify {unknown}
 o - a scroll of torment {unknown}
 s - 2 scrolls of enchant armour {unknown}
 B - 4 scrolls of fear {unknown}
 D - a scroll of silence {unknown}
 E - a scroll of enchant weapon {unknown}
 F - 2 scrolls of summoning {unknown}
 K - a scroll of amnesia {unknown}
 L - 2 scrolls of poison
 Q - a scroll of revelation {unknown}
Potions
 g - a potion of berserk rage
 h - 4 potions of haste {unknown}
 n - 2 potions of attraction {unknown}
 p - 4 potions of brilliance {unknown}
 r - 4 potions of heal wounds {unknown}
 t - a potion of curing {unknown}
 v - a potion of lignification {unknown}
 z - a potion of might {unknown}
 A - 2 potions of enlightenment {unknown}
 H - 2 potions of resistance {unknown}
 I - a potion of invisibility {unknown}
 J - a potion of cancellation {unknown}
 M - a potion of mutation {unknown}
 N - a potion of magic {unknown}
 O - a potion of ambrosia {unknown}


   Skills:
 + Level 7.1 Fighting
 + Level 6.7 Long Blades
 - Level 4.0 Throwing
 + Level 6.7 Dodging


You had 8 spell levels left.
You didn't know any spells.
Your spell library contained the following spells:

 Spells                   Type           Power      Damage    Failure   Level
 Necrotise                Necr           0%         1d4       63%         1
 Sublimation of Blood     Necr           0%         N/A       77%         2
 Inner Flame              Hex/Fire       0%         N/A       94%         3
 Vampiric Draining        Necr           0%         2d6       94%         3
 Petrify                  Alch/Erth      0%         N/A       100%        4
 Agony                    Necr           0%         N/A       100%        5
 Irradiate                Conj/Alch      0%         3d11      100%        5
 Ignition                 Fire           0%         3d3       100%        8


Dungeon Overview and Level Annotations

Branches:
Dungeon (7/15)             Temple (1/1) D:5         Ossuary (visited)

Altars:
Ashenzari
Cheibriados
Dithmenos
Fedhas
Gozag
Kikubaaqudgha
Makhleb
Nemelex Xobeh
Okawaru
Ru
Trog
Uskayaw
Vehumet
Wu Jian


Innate Abilities, Weirdness & Mutations

You are mostly covered in large bone plates. (SH +6)
You sometimes emit foul miasma when damaged in melee.
A meltable shield of frost defends you. (SH +4)
You have a small tail.


Message History

You hit the gargoyle but do no damage.
The gargoyle is moderately damaged.
The gargoyle hurls a stone arrow at you.
The stone arrow hits you!
* * * LOW HITPOINT WARNING * * *
You hit the gargoyle but do no damage.
The gargoyle is moderately damaged.
The gargoyle hurls a stone arrow at you.
You block the stone arrow.
It was a potion of berserk rage.
A red film seems to cover your vision as you go berserk!
You feel yourself moving faster!
You feel mighty!
The gargoyle hits you but does no damage.
You barely miss the gargoyle.
The gargoyle is moderately damaged.
The gargoyle hits you but does no damage.
You hit the gargoyle but do no damage.
The gargoyle is moderately damaged.
The gargoyle hits you with a +0 mace.
* * * LOW HITPOINT WARNING * * *
You barely miss the gargoyle.
The gargoyle is moderately damaged.
You barely miss the gargoyle.
The gargoyle is moderately damaged.
The gargoyle hits you but does no damage.
You hit the gargoyle.
The gargoyle is heavily damaged.
You feel less wooden.
Your +0 helmet unmelds from your body.
Your +1 pair of gloves unmelds from your body.
Your +0 pair of boots unmelds from your body.
Your +0 ring mail unmelds from your body.
The gargoyle hits you with a +0 mace!
* * * LOW HITPOINT WARNING * * *
You barely miss the gargoyle.
The gargoyle is heavily damaged.
You hit the gargoyle.
The gargoyle is heavily damaged.
The gargoyle hits you with a +0 mace!
You die...

#.......# #..#####..~≈+
#####..# #.~~+ #....).#
#.~≈+ #.###..# #.~≈#
#.###..# #.~≈####≈
#..##..# #.~~≈~~~~
##.#.#..######........
#.###.........@9.....#
####.#.##..#######.#####
#.....##...# #
......##.#.#
.....(##.#.#
......##.#.#
#...#.##.#.#
##.##.##.#.#
...##.##...##


You could see a gargoyle.

Vanquished Creatures
  Grinder (D:6)
  Sigmund (D:2)
  A steam dragon (D:6)
  A water moccasin (D:4)
  A sky beast (D:6)
  3 ice beasts
  2 black bears
  An ogre (D:5)
  A wolf (D:5)
  2 weeping skulls (Ossuary)
  2 scorpions
  2 howler monkeys
  A human zombie (Ossuary)
  3 hounds
  2 jellies (D:6)
  An orc priest (D:3)
  A gnoll bouda (D:4)
  An iguana (D:3)
  3 orc wizards
  3 mummies (Ossuary)
  16 gnolls
  10 adders
  A shadow imp (D:5)
  2 white imps (D:6)
  A worm (D:5)
  A dart slug (D:5)
  22 orcs
  4 ball pythons
  5 bats
  8 endoplasms
  4 giant cockroaches
  2 gnoll zombies (Ossuary)
  11 goblins
  6 hobgoblins
  11 jackals
  5 quokkas
  5 frilled lizards
  3 kobolds
  5 orc zombies (Ossuary)
  4 rats
159 creatures vanquished.

Notes
Turn   | Place    | Note
-------+----------+-------------------------------------------
     0 | D:1      | grandjackal the Demonspawn Gladiator began the quest for
                  | the Orb.
     0 | D:1      | Reached XP level 1. HP: 16/16 MP: 1/1
   172 | D:1      | Gained mutation: You are partially covered in large bone
                  | plates. (SH +4) [demonic ancestry]
   172 | D:1      | Reached XP level 2. HP: 8/22 MP: 2/2
   691 | D:1      | Gained mutation: You may rarely emit foul miasma when
                  | damaged in melee. [demonic ancestry]
   691 | D:1      | Reached XP level 3. HP: 27/28 MP: 3/3
  1049 | D:2      | Noticed Sigmund
  1068 | D:2      | Killed Sigmund
  1069 | D:2      | Reached skill level 3 in Fighting
  1069 | D:2      | Reached XP level 4. HP: 35/35 MP: 4/4
  1069 | D:2      | Reached XP level 5. HP: 41/41 MP: 5/5
  1631 | D:3      | Gained mutation: You are mostly covered in large bone
                  | plates. (SH +6) [demonic ancestry]
  1631 | D:3      | Reached XP level 6. HP: 47/47 MP: 6/6
  1769 | D:3      | You fall into a shaft and drop 2 floors!
  1769 | D:5      | Entered Level 5 of the Dungeon
  1769 | D:5      | Found a staircase to the Ecumenical Temple.
  1774 | Temple   | Entered the Ecumenical Temple
  1920 | D:5      | Noticed Eustachio
  1947 | D:5      | Eustachio changed into Eustachio the wolf
  1947 | D:5      | Noticed Eustachio
  1953 | D:5      | Killed Eustachio the wolf
  2105 | D:5      | Found a burning altar of Makhleb.
  2249 | D:5      | Reached skill level 4 in Fighting
  2254 | D:5      | Gained mutation: You have a small tail. [demonic ancestry]
  2254 | D:5      | Reached XP level 7. HP: 25/54 MP: 7/7
  3007 | D:3      | Found a faded altar of an unknown god.
  3598 | D:4      | Reached skill level 5 in Fighting
  3623 | D:4      | Reached skill level 5 in Long Blades
  3623 | D:4      | Reached skill level 5 in Dodging
  3883 | D:4      | Gained mutation: A meltable shield of frost defends you.
                  | (SH +4) [demonic ancestry]
  3883 | D:4      | Reached XP level 8. HP: 53/62 MP: 8/8
  4500 | D:6      | Found a sand-covered staircase.
  4633 | Ossuary  | Entered an ossuary
  4681 | Ossuary  | Reached skill level 6 in Fighting
  5352 | D:6      | Gained mutation: You sometimes emit foul miasma when
                  | damaged in melee. [demonic ancestry]
  5352 | D:6      | Reached XP level 9. HP: 38/71 MP: 9/9
  5810 | D:6      | Noticed Grinder
  5822 | D:6      | Killed Grinder
  5823 | D:6      | Reached skill level 7 in Fighting
  6174 | D:7      | Noticed a gargoyle
  6202 | D:7      | HP: 3/108 [gargoyle/+0 mace (10)]
  6204 | D:7      | Slain by a gargoyle

Illustrated notes

Levels and vault maps discovered:
D:1:      lemuel_arrival_rhombus, layout_basic, minmay_box_of_dots
D:2:      layout_rooms, uniq_sigmund
D:3:      layout_loops_cross, hellmonk_ecumenical_altar_inner_sanctum,
          minivault_26
D:4:      layout_rooms
D:5:      minmay_general_purpose_star, layout_basic,
          nicolae_overflow_crystal_walls, minmay_temple_entry_slanted,
          serial_bayou, serial_bayou_ford_a, serial_bayou_shore_a,
          serial_bayou_pond_c, serial_bayou_pond_e, serial_bayou_shore_b,
          fountainhead, kennysheep_generic_room_2, uniq_eustachio
D:6:      layout_loops_ring, enter_ossuary_1, uniq_grinder
D:7:      statuecave_lemuel, layout_loops_ring, enter_bailey_4,
          grunt_ministairs_11, uniq_maggie
Temple:   eino_temple_rhombus

Skill      XL: |  1  2  3  4  5  6  7  8  9 |
---------------+----------------------------+-----
Throwing       | 2 3 4 |  4.0
Long Blades    | 3 4 5 6 |  6.7
Dodging        | 3 4 5 6 |  6.7
Fighting       | 3 4 5 6 7 |  7.1

Action                     |  1- 3 |  4- 6 |  7- 9 || total
---------------------------+-------+-------+-------++-------
  Melee: Long sword        |    62 |       |       ||    62
         Dagger            |    57 |    80 |       ||   137
         Rapier            |       |    20 |   389 ||   409
         Tailslap          |       |       |    55 ||    55
         Punch             |       |       |     5 ||     5
  Throw: Throwing net      |       |     1 |       ||     1
  Evoke: Wand              |       |     5 |     1 ||     6
    Use: Potion            |       |       |     1 ||     1
   Stab: Sleeping          |     2 |     1 |     1 ||     4
 Armour: Leather armour    |    61 |    61 |    75 ||   197
         Ring mail         |       |       |    77 ||    77
         Skin              |       |       |    20 ||    20
  Dodge: Dodged            |    73 |    78 |   188 ||   339
  Block: Other             |    20 |    23 |   119 ||   162

Table legend: (Time is in decaauts)
 A = Elapsed time spent in this place.
 B = Non-inter-level travel time spent in this place.
 C = Inter-level travel time spent in this place.
 D = Time resting spent in this place.
 E = Time spent auto-exploring this place.
 F = Levels seen in this place.
 G = Mean time per level.
                   A        B        C        D        E       F      G
               +--------+--------+--------+--------+--------+-----+--------+
         Total |   6240 |   5933 |    307 |    856 |   3717 |   9 |  693.3 |
       Dungeon |   6008 |   5703 |    305 |    856 |   3603 |   7 |  858.3 |
        Temple |      6 |      5 |      1 |      0 |      0 |   1 |    6.0 |
       Ossuary |    226 |    226 |      0 |      0 |    114 |   1 |  226.0 |
               +--------+--------+--------+--------+--------+-----+--------+

Top non-repeatable levels by time:
     D:5: 1416 daAuts
     D:6: 1048 daAuts
     D:3: 1034 daAuts
     D:1: 898 daAuts
     D:4: 885 daAuts
     D:2: 536 daAuts
 Ossuary: 226 daAuts
     D:7: 188 daAuts
  Temple: 6 daAuts
